 Dungeon Crawl Stone Soup version 0.23-a0-26-g9187234747 (webtiles) character file.

184 Htamos the Conjurer (level 5, 0/31 HPs)
             Began as an Octopode Conjurer on Aug 3, 2018.
             Was an Initiate of Sif Muna.
             Slain by an orc wizard
             ... wielding a +0 dagger
              (5 damage)
             ... on level 4 of the Dungeon.
             The game lasted 00:06:30 (4632 turns).

Htamos the Conjurer (Octopode Conjurer)             Turns: 4632, Time: 00:06:30

Health: 0/31       AC:  1    Str: 12    XL:     5   Next: 64%
Magic:  1/9        EV: 13    Int: 19    God:    Sif Muna [......]
Gold:   141        SH:  0    Dex: 12    Spells: 6/10 levels left

rFire    . . .     SeeInvis .   i - +0 whip
rCold    . . .     Gourm    .   (no shield)
rNeg     . . .     Faith    .   (helmet restricted)
rPois    .         Spirit   .   (no amulet)
rElec    .         Reflect  .   (no ring)
rCorr    .         Harm     .   (no ring)
MR       .....                  (no ring)
Stlth    ++++......             (no ring)
HPRegen  0.10/turn              (no ring)
MPRegen  0.11/turn              (no ring)
                                (no ring)
                                (no ring)

@: mighty, hasted, very quick
A: almost no armour, stealthy swim, amphibious, 8 rings, constrict 8, camouflage
1, gelatinous body 1
a: Renounce Religion


You were on level 4 of the Dungeon.
You worshipped Sif Muna.
Sif Muna was noncommittal.
You were hungry.

You visited 2 branches of the dungeon, and saw 5 of its levels.

You collected 141 gold pieces.

Inventory:

Hand Weapons
 a - a +0 club
 i - a +0 whip (weapon)
Missiles
 c - 31 stones
 g - 10 tomahawks (quivered)
 l - 3 tomahawks of returning
Scrolls
 e - a scroll of enchant armour {unknown}
 f - a scroll of enchant weapon {unknown}
 h - 2 scrolls of blinking
 k - a scroll of teleportation {unknown}
 n - a scroll of fear {unknown}
Potions
 d - a potion of resistance
 j - a potion of agility
 o - a potion of might
Comestibles
 b - 7 rations


   Skills:
 + Level 1.7 Throwing
 - Level 2.4 Dodging
 + Level 4.6 Stealth
 + Level 3.1 Spellcasting
 + Level 4.8 Conjurations


You had 6 spell levels left.
You knew the following spells:

 Your Spells              Type           Power        Failure   Level  Hunger
a - Magic Dart            Conj           ###.         1%          1    None
b - Dazzling Spray        Conj/Hex       ##....       17%         3    ###....

Your spell library contained the following spells:

 Spells                   Type           Power        Failure   Level  Hunger
 Iskenderun's Mystic Bla  Conj           ###.....     21%         4    ####...
 Fulminant Prism          Conj/Hex       ##........   50%         4    ####...
 Force Lance              Conj/Tloc      ##......     50%         4    ####...
 Searing Ray              Conj           ###...       3%          2    ##.....


Dungeon Overview and Level Annotations

Branches:
Dungeon (4/15)             Temple (1/1) D:4

Altars:
Ashenzari
Hepliaklqana
Makhleb
Sif Muna
Xom
The Shining One


Innate Abilities, Weirdness & Mutations

You cannot wear most types of armour.
You are very stealthy in the water. (Stealth+)
You are amphibious.
You can wear up to eight rings at the same time.
You can use your tentacles to constrict eight enemies at once.
Your skin changes colour to match your surroundings (Stealth+).
Your rubbery body absorbs attacks. (AC +1, EV +1)


Message History

The orc wizard hits you with a dagger.
You closely miss the orc wizard.
The orc wizard is heavily wounded.
The orc wizard gestures at you while chanting.
The puff of flame hits you!
* * * LOW HITPOINT WARNING * * *
You barely miss the orc wizard.
The orc wizard is heavily wounded.
The orc wizard barely misses you.
You bump into the rock wall.
The orc wizard misses you.
It was a potion of haste.
You feel yourself speed up. The orc wizard hits you with a dagger.
* * * LOW HITPOINT WARNING * * *
It was a potion of might.
You feel very mighty all of a sudden.
The orc wizard hits you but does no damage.
You bump into the rock wall.
You feel less confused. The orc wizard hits you with a dagger.
You die...

..# .. ..# #.# #.# #.#
#.# #.# #.# #.# ..#.#
#.# #.# # #.#.# #.# #.#
#.##.#.# ##.####.#
#....#.####....##.#
#...)oo@#.#.##.#### #
#.#.####....##....#
###..#.#.# #.#........#
.l....(oo# #.#........#
..)oo...## #.#........#
#o#..##.# #.#.....##.##
.... ##.#
#.#.....#...##### #..
...#####.#......._......
..
#...........####...#....


You could see an orc wizard and an orc.

Vanquished Creatures
  An orc wizard (D:4)
  6 adders
  An ooze (D:1)
  An adder skeleton (D:4)
  A worm (D:4)
  A dart slug (D:2)
  3 leopard geckos (D:2)
  12 orcs
  A ball python (D:2)
  5 giant cockroaches
  4 goblins
  9 hobgoblins
  2 jackals (D:3)
  6 kobolds
  4 quokkas
  7 bats
  10 frilled lizards
  A quokka zombie (D:3)
  3 rats
78 creatures vanquished.

Notes
Turn   | Place    | Note
-------+----------+-------------------------------------------
     0 | D:1      | Htamos the Octopode Conjurer began the quest for the Orb.
     0 | D:1      | Reached XP level 1. HP: 11/11 MP: 3/3
   214 | D:1      | Reached XP level 2. HP: 17/17 MP: 3/5
  1042 | D:1      | Reached XP level 3. HP: 21/21 MP: 1/6
  1838 | D:2      | Found a hazy altar of Hepliaklqana.
  2023 | D:2      | Reached XP level 4. HP: 27/27 MP: 2/7
  2894 | D:3      | Reached skill level 1 in Throwing
  2983 | D:3      | Learned a level 3 spell: Dazzling Spray
  3471 | D:3      | Reached XP level 5. HP: 31/31 MP: 4/9
  4207 | D:4      | Found a burning altar of Makhleb.
  4376 | D:4      | Found a staircase to the Ecumenical Temple.
  4472 | Temple   | Entered the Ecumenical Temple
  4511 | Temple   | Became a worshipper of Sif Muna the Loreminder
  4632 | D:4      | Slain by an orc wizard

Vault maps used:
D:1:      erik_arrival_blinker_ship, serial_co_window_serial,
          co_window_of_opportunity_a, co_window_corner_a, co_window_corner_a,
          co_window_of_opportunity_a, co_window_of_opportunity_a,
          co_window_of_opportunity_b, co_window_2corner, co_window_corner_b,
          co_window_sun, co_window_4corner_b, glass_columns_b, glass_columns_c,
          glass_columns_c, glass_columns_b
D:2:      lemuel_doored_altar, first_ration
D:3:      minmay_diamond_boxcup, minmay_crystal_room
D:4:      nicolae_overflow_crystal_walls, lemuel_temple_firewalk_b,
          minmay_ogre_servants
Temple:   dpeg_five_rooms_temple

Skill      XL: |  1  2  3  4  5 |
---------------+----------------+-----
Stealth        | 3 4 |  4.6
Throwing       | 1 |  1.7
Spellcasting   | 3 |  3.1
Dodging        | |  2.4
Conjurations   | |  4.8

Action                   |  1- 3 |  4- 6 || total
-------------------------+-------+-------++-------
Melee: Club              |    16 |       ||    16
       Constrict         |     4 |     4 ||     8
       Whip              |       |    20 ||    20
       Tentacles         |       |     3 ||     3
Throw: Tomahawk          |       |     7 ||     7
       Stone             |       |     3 ||     3
 Cast: Magic Dart        |    65 |   116 ||   181
  Use: Scroll            |     1 |     4 ||     5
       Potion            |       |     2 ||     2
 Stab: Sleeping          |     3 |       ||     3
  Eat: Chunk             |     4 |     7 ||    11
Armor: Skin              |     3 |     3 ||     6
Dodge: Dodged            |    16 |    46 ||    62

Table legend:
 A = Spawn XP
 B = Non-spawn XP
 C = Spawn XP percentage of total XP
 D = Spawn monster count
 E = Non-spawn monster count
 F = Spawn count percentage of total count
 G = Total turns spent on level
                    A         B        C        D         E        F      G
               +---------+---------+-------+---------+---------+-------+---------
         Total |       0 |     264 |   0.0 |       0 |      78 |   0.0 |  4632
               +---------+---------+-------+---------+---------+-------+---------
           D:1 |       0 |      37 |   0.0 |       0 |      21 |   0.0 |  1339
           D:2 |       0 |      80 |   0.0 |       0 |      22 |   0.0 |  1339
           D:3 |       0 |      82 |   0.0 |       0 |      29 |   0.0 |  1490
           D:4 |       0 |      65 |   0.0 |       0 |       6 |   0.0 |   393
               +---------+---------+-------+---------+---------+-------+---------
